 Dungeon Crawl Stone Soup version 0.28-a0-983-g1de4e0787c (webtiles) character file.

Game seed: 17178902509015219271

3598 vurker the Zephyrmancer (level 9, 45/45 HPs)
             Began as a Felid Air Elementalist on Dec 2, 2021.
             Was a Believer of Vehumet.
             Quit the game on level 10 of the Dungeon.
             The game lasted 00:21:51 (18912 turns).

vurker the Zephyrmancer (Felid Air Elementalist)   Turns: 18912, Time: 00:21:51

Health: 45/45      AC:  2    Str:  4    XL:     9   Next: 85%
Magic:  25/25      EV: 17    Int: 22    God:    Vehumet [**....]
Gold:   411        SH:  0    Dex: 16    Spells: 25/30 levels left
                                        Lives:  0   Deaths: 2

rFire   . . .      SeeInvis +   (weapon unavailable)
rCold   . . .      Faith    .   (shield unavailable)
rNeg    . . .      Spirit   .   (armour unavailable)
rPois   .          Reflect  .   (helmet unavailable)
rElec   .          Harm     .   (cloak unavailable)
rCorr   .          Rampage  .   (gloves unavailable)
Will    +....                   (boots unavailable)
Stlth   ++........              (no amulet)
HPRegen 0.15/turn               m - ring of flight
MPRegen 0.19/turn               (no ring)

@: flying, quick
A: very small, claws 1, fangs 3, see invisible, speed 1, shaggy fur 2, stealthy
paws, no weapons or thrown items, no armour, multi-lived
a: Renounce Religion


You were on level 10 of the Dungeon.
You worshipped Vehumet.
Vehumet was pleased with you.
You visited 3 branches of the dungeon, and saw 13 of its levels.

You collected 568 gold pieces.
You spent 157 gold pieces at shops.

Inventory:

Jewellery
 i - a ring of positive energy
   (You found it on level 11 of the Dungeon)
 m - a ring of flight (left paw)
   (You found it on level 6 of the Dungeon)
 w - a ring of fire
   (You found it on level 9 of the Dungeon)
 y - a ring of resist corrosion
   (You found it on level 10 of the Dungeon)
Wands
 h - a wand of polymorph (11)
   (You found it on level 5 of the Dungeon)
 t - a wand of flame (6)
   (You found it on level 10 of the Dungeon)
 u - a wand of paralysis (2)
   (You took it off a kobold brigand on level 8 of the Dungeon)
 v - a wand of digging (4)
   (You found it on level 8 of the Dungeon)
 z - a wand of mindburst (6)
   (You found it on level 11 of the Dungeon)
Scrolls
 c - a scroll of amnesia
 e - 3 scrolls of teleportation
 p - 2 scrolls of blinking
 q - 5 scrolls of magic mapping
 r - a scroll of noise {unknown}
 A - a scroll of fog
Potions
 a - 4 potions of lignification
 b - a potion of cancellation
 d - a potion of magic {unknown}
 f - 6 potions of curing
 g - 6 potions of mutation
 j - a potion of ambrosia
 k - 3 potions of flight
 l - 3 potions of resistance
 n - 2 potions of haste
 o - a potion of invisibility {unknown}
 s - a potion of might {unknown}
 x - a potion of brilliance


   Skills:
 + Level 8.3 Fighting
 - Level 2.6 Dodging
 - Level 2.6 Stealth
 * Level 11.1 Spellcasting
 - Level 3.0 Conjurations
 * Level 11.3 Air Magic


You had 25 spell levels left.
You knew the following spells:

 Your Spells              Type           Power      Damage    Failure   Level
a - Shock                 Conj/Air       100%       1d9       1%          1
c - Airstrike             Air            29%        N/A       1%          4

Your spell library contained the following spells:

 Spells                   Type           Power      Damage    Failure   Level
 Foxfire                  Conj/Fire      72%        2x1d7     3%          1
 Magic Dart               Conj           100%       1d8       1%          1
 Corpse Rot               Necr/Air       74%        N/A       1%          2
 Poisonous Vapours        Pois/Air       74%        N/A       1%          2
 Static Discharge         Conj/Air       43%        N/A       1%          2
 Swiftness                Air            58%        N/A       1%          3
 Mephitic Cloud           Conj/Pois/Air  33%        N/A       2%          3
 Summon Small Mammal      Summ           48%        N/A       5%          1
 Ensorcelled Hibernation  Hex/Ice        24%        N/A       9%          2
 Conjure Flame            Conj/Fire      18%        6-21      9%          3
 Call Canine Familiar     Summ           12%        N/A       16%         3
 Gell's Gravitas          Tloc           12%        N/A       16%         3
 Ignite Poison            Fire/Tmut/Pois 12%        N/A       16%         3
 Lesser Beckoning         Tloc           12%        N/A       16%         3
 Summon Guardian Golem    Hex/Summ       12%        N/A       16%         3
 Teleport Other           Tloc           12%        N/A       16%         3
 Tukima's Dance           Hex            12%        N/A       16%         3
 Freezing Cloud           Conj/Ice/Air   16%        6-21      22%         5
 Hailstorm                Conj/Ice       18%        3d6       28%         4
 Sticky Flame             Conj/Fire      18%        2d4       28%         4
 Conjure Ball Lightning   Conj/Air       21%        3x3d6     41%         6
 Fireball                 Conj/Fire      9%         3d6       63%         5
 Alistair's Intoxication  Tmut/Pois      8%         N/A       83%         5
 Borgnjor's Vile Clutch   Necr/Erth      6%         N/A       83%         5
 Eringya's Noxious Bog    Tmut/Pois      6%         N/A       100%        6
 Orb of Destruction       Conj           12%        9d6       100%        7
 Spellforged Servitor     Conj/Summ      9%         N/A       100%        7


Dungeon Overview and Level Annotations

Branches:
Dungeon (11/15)            Temple (1/1) D:5            Lair (1/6) D:10
    Orc: D:9-12

Altars:
Ashenzari
Cheibriados
Dithmenos
Elyvilon
Fedhas
Gozag
Hepliaklqana
Kikubaaqudgha
Makhleb
Nemelex Xobeh
Okawaru
Qazlal
Ru
Sif Muna
Trog
Uskayaw
Vehumet
Wu Jian
Xom
Yredelemnul
Zin
The Shining One

Shops:
D:7 ?[?:

Portals:
Abyss: D:10

Annotations:
D:5 2 transporters, qborf's ghost, novice NaIE
D:10 2 transporters, exclusion: orange crystal statue, Crownlay's ghost, journeyman GrEE


Innate Abilities, Weirdness & Mutations

You have sharp claws.
You have razor-sharp teeth.
You have supernaturally acute eyesight. (SInv)
You cover ground quickly. (Speed+)
You are covered in thick fur. (AC +2)
Your paws help you pounce on unaware monsters.
You are incapable of wielding weapons or throwing items.
You cannot wear armour.
You gain extra lives every three experience levels.


Message History

Found a stone staircase leading down.
There is a staircase back to the Dungeon here.
Aim: a blink frog (asleep, empty space bonus: 2/8)
The air twists around and strikes the blink frog!
The blink frog croaks.
The blink frog gives a loud, deep croak!
A blink frog comes into view.
Aim: a komodo dragon (empty space bonus: 7/8)
The air twists around and strikes the komodo dragon!
The blink frog gives a loud, deep croak!
The blink frog blinks!
Aim: a komodo dragon (moderately wounded, empty space bonus: 8/8)
The air twists around and strikes the komodo dragon!
The blink frog blinks!
The blink frog blinks!
You fly upwards.
Welcome back to the Dungeon!
Level annotation: 2 transporters, exclusion: orange crystal statue, Crownlay's ghost, journeyman GrEE
There is a staircase to the Lair here.
Aim: a komodo dragon (heavily wounded, empty space bonus: 2/8)
The air twists around and strikes the komodo dragon!
The komodo dragon bites you!!
Ouch! That really hurt!
* * * LOW HITPOINT WARNING * * *
The komodo dragon hisses menacingly.
Aim: a komodo dragon (severely wounded, empty space bonus: 2/8)
The air twists around and strikes the komodo dragon!
You kill the komodo dragon!
Vehumet accepts your kill.
You feel your power returning.
You can't see any susceptible monsters within range! (Use Z to cast anyway.) Partly explored, unvisited transporter and can't reach some items and places.
There is a staircase to the Lair, spattered with blood here.
You fly downwards.
Welcome back to the Lair of Beasts!
The blink frog blinks!
The blink frog completely misses you.
The blink frog blinks! x2
The blink frog hits you!!
There is a staircase back to the Dungeon, spattered with blood here.
The blink frog hits you!
* * * LOW HITPOINT WARNING * * *
The blink frog blinks!
The blink frog hits you!
* * * LOW HITPOINT WARNING * * *
You fly upwards.
Welcome back to the Dungeon!
Level annotation: 2 transporters, exclusion: orange crystal statue, Crownlay's ghost, journeyman GrEE
There is a staircase to the Lair, spattered with blood here.
Aim: a blink frog (empty space bonus: 2/8)
The air twists around and strikes the blink frog!
The blink frog hits you.
You die...
The blink frog blinks!
You are now level 9!
You rejoin the land of the living...

#..# #.# #.#.#
#..######.#####.#.#
#####....[........#.#.#
#.....#######.....#.#.#
#......###.##.....#.#.#
#..........########.#.#
###....###.# #.#.#
#####...#+##...# #.#.#
#.........@#...# #.#.#
#..........#...# #.#.#
#..........#...# #.#..
#..^.....>.....# #.###
#####..........# #.###
###........# #....
#........############
#.#'##...............
#.#.#...............)


There were no monsters in sight!

Vanquished Creatures
  A centaur warrior (D:8)
  A two-headed ogre (D:10)
  Sonja (D:11)
  A sea snake (D:11)
  A deep elf pyromancer (D:9)
  A manticore (D:9)
  A cyclops (D:11)
  A black mamba (shapeshifter) (D:9)
  A gargoyle (D:7)
  A komodo dragon (D:10)
  A kobold demonologist (D:8)
  3 trolls
  A slime creature (D:9)
  A shadow (D:11)
  A vampire (D:10)
  10 yaks
  A wraith (D:10)
  A wyvern (D:9)
  2 steam dragons
  3 vampire mosquitoes (D:10)
  2 acid dragons
  2 water moccasins
  An orc warrior (D:5)
  2 ice beasts
  A black bear (D:4)
  3 ogres
  5 necrophages
  7 centaurs
  8 kobold brigands
  3 bullfrogs
  A gnoll sergeant (D:6)
  2 scorpions
  A water moccasin zombie (D:5)
  4 killer bees (D:10)
  13 wights
  An electric eel (D:6)
  6 howler monkeys
  A lava snake (D:8)
  3 bullfrog zombies
  3 centaur zombies
  A bullfrog skeleton (D:6)
  A centaur skeleton (D:7)
  A hound (D:4)
  3 jellies
  2 orc priests (D:6)
  2 gnoll shamans
  2 iguanas (D:5)
  6 orc wizards
  A killer bee zombie (D:7)
  A hound skeleton (D:4)
  Robin (D:2)
  17 gnolls
  8 adders
  A shadow imp (D:8)
  3 white imps
  An ufetubus (D:7)
  2 worms
  5 dart slugs
  36 orcs
  6 ball pythons
  5 endoplasms
  4 giant cockroaches
  16 goblins
  14 hobgoblins
  3 bats (D:2)
  4 frilled lizards
  15 kobolds
  3 rats (D:1)
267 creatures vanquished.

Vanquished Creatures (others)
  A wizard (D:4)
  15 plants (D:1)
16 creatures vanquished.

Grand Total: 283 creatures vanquished

Notes
Turn   | Place    | Note
-------+----------+-------------------------------------------
     0 | D:1      | vurker the Felid Air Elementalist began the quest for the
                  | Orb.
     0 | D:1      | Reached XP level 1. HP: 7/7 MP: 4/4
   155 | D:1      | Reached skill level 1 in Conjurations
   256 | D:1      | Reached XP level 2. HP: 12/12 MP: 4/6
  1209 | D:2      | Reached XP level 3. HP: 5/15 MP: 0/7
  1549 | D:2      | Noticed Robin
  1550 | D:2      | Reached skill level 1 in Fighting
  1669 | D:2      | Killed Robin
  2028 | D:2      | Reached XP level 4. HP: 19/19 MP: 5/9
  2904 | D:3      | Noticed an ice beast
  2926 | D:2      | Killed an ice beast
  2927 | D:2      | Reached XP level 5. HP: 22/22 MP: 3/11
  3992 | D:4      | Found an ornate altar of the Wu Jian Council.
  3992 | D:4      | Found a glowing silver altar of Zin.
  3993 | D:4      | Noticed a black bear
  4006 | D:4      | Killed a black bear
  4007 | D:4      | Gained mutation: You are covered in thick fur. (AC +2)
                  | [Felid growth]
  4007 | D:4      | Reached XP level 6. HP: 11/26 MP: 6/12
  4352 | D:4      | Found a bloodstained altar of Trog.
  4354 | D:4      | Noticed a wizard
  4360 | D:4      | Killed a wizard
  5137 | D:5      | Entered Level 5 of the Dungeon
  5137 | D:5      | Noticed qborf's ghost (novice NaIE)
  5137 | D:5      | Found a transporter.
  5137 | D:5      | Found a transporter.
  5232 | D:5      | Reached XP level 7. HP: 30/30 MP: 6/14
  5334 | D:5      | Found a staircase to the Ecumenical Temple.
  5349 | Temple   | Entered the Ecumenical Temple
  5755 | D:5      | Reached skill level 5 in Air Magic
  5979 | D:5      | Reached skill level 5 in Spellcasting
  6690 | D:6      | Reached XP level 8. HP: 17/36 MP: 7/17
  6952 | D:6      | Found a sparkling altar of Nemelex Xobeh.
  7011 | D:6      | Learned a level 4 spell: Airstrike
  7810 | D:6      | Found a basalt altar of Yredelemnul.
  8099 | D:6      | Found a glowing golden altar of the Shining One.
  8101 | D:6      | Noticed an angel
  8430 | D:6      | Reached XP level 9. HP: 13/40 MP: 9/20
  9225 | D:7      | Found Asehecurch's Magic Scroll Emporium.
  9226 | D:7      | Noticed a gargoyle
  9228 | D:7      | Killed a gargoyle
  9229 | D:7      | Reached skill level 5 in Fighting
  9325 | D:7      | Bought a scroll of magic mapping for 45 gold pieces
  9471 | D:7      | Found Atsuumm's Magic Scroll Boutique.
  9485 | D:7      | Bought a scroll of blinking for 112 gold pieces
  9620 | D:7      | Found Xycy's Antique Armour Shop.
 10365 | D:7      | Found Qaita's Book Shoppe.
 10821 | D:8      | Identified a scroll of acquirement
 10821 | D:8      | Acquired the Volume of Scorching Confrontation
 10857 | D:8      | Found a radiant altar of Vehumet.
 10857 | D:8      | Noticed a centaur warrior
 10862 | D:8      | Killed a centaur warrior
 11012 | D:8      | Reached XP level 10. HP: 26/45 MP: 7/23
 11019 | D:8      | Became a worshipper of Vehumet
 12297 | D:8      | Found a white marble altar of Elyvilon.
 12380 | D:8      | Reached * piety under Vehumet
 12380 | D:8      | Offered knowledge of Freeze by Vehumet.
 13002 | D:9      | Noticed a deep elf pyromancer
 13007 | D:9      | Killed a deep elf pyromancer
 13019 | D:9      | Noticed a black mamba
 13405 | D:9      | Found a stormy altar of Qazlal.
 13430 | D:9      | Noticed a black mamba
 13433 | D:9      | Killed a black mamba
 13777 | D:9      | Reached skill level 10 in Air Magic
 14235 | D:9      | Noticed a manticore
 14240 | D:9      | Killed a manticore
 14241 | D:9      | Reached skill level 10 in Spellcasting
 14241 | D:9      | Reached XP level 11. HP: 37/50 MP: 8/26
 15110 | D:10     | Entered Level 10 of the Dungeon
 15124 | D:10     | Found a transporter.
 15129 | D:10     | Found a one-way gate to the infinite horrors of the Abyss.
 15129 | D:10     | Noticed Crownlay's ghost (journeyman GrEE)
 15218 | D:10     | Noticed a hell hog
 15320 | D:10     | Noticed an orange crystal statue
 15335 | D:10     | Found a transporter.
 15353 | D:10     | Found a staircase to the Lair.
 15353 | D:10     | Noticed a two-headed ogre
 15365 | D:10     | Killed a two-headed ogre
 17337 | D:11     | Offered knowledge of Foxfire by Vehumet.
 17348 | D:11     | Noticed Sonja
 17350 | D:11     | Killed Sonja
 17435 | D:11     | Reached ** piety under Vehumet
 18174 | D:11     | Noticed a boulder beetle
 18176 | D:11     | Noticed a sea snake
 18176 | D:11     | a boulder beetle changed into a sea snake
 18180 | D:11     | Slain by a sea snake
 18181 | D:11     | Reached XP level 10. HP: 0/48 MP: 14/25
 18417 | D:11     | Killed a sea snake
 18738 | Lair:1   | Entered Level 1 of the Lair of Beasts
 18909 | Lair:1   | HP: 1/48 [blink frog (13)]
 18911 | D:10     | Slain by a blink frog
 18912 | D:10     | Reached XP level 9. HP: -3/45 MP: 22/25
 18912 | D:10     | Quit the game

Illustrated notes

Levels and vault maps discovered:
D:1:      psy_arrival_dodecagon, layout_basic, serial_bayou,
          serial_bayou_pond_c, serial_bayou_lagoon_b, serial_bayou_pond_c,
          serial_bayou_pond_a
D:2:      layout_basic, uniq_robin
D:3:      layout_rooms, chequers_serial_rivers_small_3,
          kennysheep_generic_room_12
D:4:      layout_loops_ring, amethyst_overflow_temple_binary, trog_wizard,
          chequers_serial_rivers_small_b
D:5:      wad_pebble_path, layout_basic, minmay_temple_entry_tees,
          gammafunk_ghost_hive
D:6:      layout_loops_corners, grunt_temple_overflow_holy_war,
          lemuel_crystal_altar, kennysheep_flooded_box
D:7:      layout_cave_pools, serial_shops, shop_fountains, shop,
          kennysheep_little_box, shop, eino_curves_02
D:8:      layout_rooms, mainiacjoe_overflow_small_starburst,
          nicolae_elyvilon_peaceful_grove, enter_bailey_5,
          nicolae_lava_and_water
D:9:      layout_irregular_city, nicolae_qazlal_style_of_elements,
          minmay_diamond_spiral
D:10:     layout_basic, lair_entry_dummy, gammafunk_ghost_abyssal_escape,
          minmay_protected_statue
D:11:     layout_long_grid, uniq_sonja
Temple:   nicolae_temple_god_jail
Lair:1:   layout_misc_corridors, infiniplex_staircase_pool

Skill      XL: |  1  2  3  4  5  6  7  8  9 10 11 |
---------------+----------------------------------+-----
Conjurations   | 1 2 3 |  3.0
Air Magic      | 3 4 5 7 8 10 11 | 11.3
Fighting       | 1 2 3 4 6 7 8 |  8.3
Spellcasting   | 3 4 5 6 8 11 | 11.1
Dodging        | |  2.6
Stealth        | |  2.6

Action                   |  1- 3 |  4- 6 |  7- 9 | 10-12 || total
-------------------------+-------+-------+-------+-------++-------
Melee: Unarmed           |    16 |     2 |       |     9 ||    27
       Bite              |     2 |       |       |       ||     2
 Cast: Shock             |    90 |   140 |   211 |    44 ||   485
       Airstrike         |       |       |    66 |   206 ||   272
Evoke: Wand              |       |       |       |     5 ||     5
  Use: Scroll            |       |     4 |    11 |     6 ||    21
       Potion            |       |       |       |     4 ||     4
 Stab: Paralysed         |       |       |       |     8 ||     8
Armor: Skin              |     1 |     1 |     9 |     3 ||    14
Dodge: Dodged            |    22 |    17 |    60 |    78 ||   177

Table legend: (Time is in decaauts)
 A = Elapsed time spent in this place.
 B = Non-inter-level travel time spent in this place.
 C = Inter-level travel time spent in this place.
 D = Time resting spent in this place.
 E = Time spent auto-exploring this place.
 F = Levels seen in this place.
 G = Mean time per level.
                   A        B        C        D        E       F      G
               +--------+--------+--------+--------+--------+-----+--------+
         Total |  17476 |  17001 |    475 |   2786 |  12226 |  13 | 1344.3 |
       Dungeon |  17408 |  16943 |    465 |   2786 |  12183 |  11 | 1582.5 |
        Temple |     60 |     50 |     10 |      0 |     42 |   1 |   60.0 |
          Lair |      7 |      7 |      0 |      0 |      0 |   1 |    7.0 |
               +--------+--------+--------+--------+--------+-----+--------+

Top non-repeatable levels by time:
     D:6: 2171 daAuts
    D:10: 2071 daAuts
     D:7: 1973 daAuts
     D:9: 1877 daAuts
     D:1: 1673 daAuts
     D:5: 1573 daAuts
     D:8: 1445 daAuts
    D:11: 1417 daAuts
     D:4: 1414 daAuts
     D:2: 1078 daAuts
     D:3: 711 daAuts
  Temple: 60 daAuts
  Lair:1: 7 daAuts
